 Dungeon Crawl Stone Soup version 0.27-a0-1322-gfdffb62a71 (webtiles) character file.

Game seed: 13645772642312881016

1382 sanka the Martial Artist (level 8, -7/55 HPs)
             Began as an Octopode Monk on June 22, 2021.
             Was a Follower of Ashenzari.
             Mangled by a hornet (8 damage)
             ... while paralysed by a hornet
             ... on level 6 of the Dungeon.
             The game lasted 00:07:48 (5590 turns).

sanka the Martial Artist (Octopode Monk)            Turns: 5590, Time: 00:07:48

Health: -7/55      AC:  5    Str: 10    XL:     8   Next: 67%
Magic:  0/8        EV:  2    Int: 13    God:    Ashenzari [*.....]
Gold:   423        SH:  0    Dex: 16    Spells: 7/7 levels left

rFire    . . .     SeeInvis .     - Unarmed
rCold    . . .     Faith    .   (no shield)
rNeg     . . .     Spirit   +   (helmet restricted)
rPois    .         Reflect  .   l - amulet "Share My Restlessness" {Spirit, Self, Bglg} (curse)
rElec    .         Harm     .   e - +4 ring of protection
rCorr    .         Rampage  .   k - ring "Cursed Frustration" {EV+4, Evo, Self} (curse)
Will     .....                  (no ring)
Stlth    +++.......             (no ring)
HPRegen  0.18/turn              (no ring)
MPRegen  0.11/turn              (no ring)
                                (no ring)
                                (no ring)

@: paralysed, lethally poisoned (-7 -> -18), slowed
A: almost no armour, amphibious, 8 rings, camouflage 1, gelatinous body 1,
(nimble swimmer 1), tentacles
a: Renounce Religion, Curse Item, Shatter the Chains


You were on level 6 of the Dungeon.
You worshipped Ashenzari.
Ashenzari was aware of your devotion.
You visited 1 branch of the dungeon, and saw 6 of its levels.

You collected 423 gold pieces.


Innate Abilities, Weirdness & Mutations

You cannot wear most types of armour.
You are amphibious.
You can wear up to eight rings at the same time.
Your skin changes colour to match your surroundings (Stealth+).
Your rubbery body absorbs attacks. (AC +1, EV +1)
((You are camouflaged near water. (Stealth+)))
You have tentacles for arms and can constrict up to eight enemies at once.


   Skills:
 + Level 3.7(5.2) Fighting
 + Level 3.8 Dodging
 - Level 2.6 Stealth
 + Level 10.2 Unarmed Combat


You had 7 spell levels left.
You didn't know any spells.
Your spell library contained the following spells:

 Spells                   Type           Power      Damage    Failure   Level
 Corona                   Hex            0%         N/A       30%         1
 Ensorcelled Hibernation  Hex/Ice        0%         N/A       41%         2
 Confusing Touch          Hex            0%         N/A       65%         3
 Dazzling Flash           Conj/Hex       0%         N/A       65%         3
 Tukima's Dance           Hex            0%         N/A       65%         3

Inventory:

Missiles
 n - a curare-tipped dart (quivered) {=f}
Jewellery
 e - a +4 ring of protection (left tentacle)
 k - the cursed ring "Cursed Frustration" (right tentacle) {EV+4, Evo, Self}

   [ring of evasion]

   It affects your evasion (+4).
   It has a curse which improves the following skills: Evocations: Evocations.
   Introspection: Fighting and Spellcasting.
 l - the cursed amulet "Share My Restlessness" (around mantle) {Spirit, Self, Bglg}

   [amulet of guardian spirit]

   It causes incoming damage to be divided between your reserves of health and
   magic.
   It has a curse which improves the following skills: Introspection: Fighting
   and Spellcasting.
   Beguiling: Conjurations, Hexes and Translocations.
Wands
 h - a wand of paralysis (7)
 q - a wand of iceblast (7)
Scrolls
 a - 2 scrolls of vulnerability {!r}
 c - a scroll of silence {!r}
 d - 4 scrolls of magic mapping
 f - a scroll of teleportation {@r4}
 p - a scroll of blinking
Potions
 b - a potion of resistance
 g - 2 potions of might
 i - 2 potions of magic
 j - a potion of flight
 m - a potion of curing {@q1}
 o - a potion of heal wounds {@q2}

Dungeon Overview and Level Annotations

Branches:
Dungeon (6/15)
 Temple: D:4-7

Altars:
Ashenzari
Cheibriados
Hepliaklqana
Ru
The Shining One

Shops:
D:3

( ▒▒.....▒▒ . ..
▒..▒.▒..▒ .. ▒.
▒.....†.▒ ..£▒▒£.
▒▒▒▒'▒▒▒▒▒..▒££▒.
▒.....▒.......
▒▒.....▒▒.Z.y.F▒▒▒▒▒▒▒▒
▒..▒.▒..▒.o..l.'......▒
▒...▒...▒▒▒▒▒▒▒▒......▒
▒..▒.▒..'...xylo..▒▒..▒
▒▒.....▒▒▒▒'▒▒▒▒..▒▒..▒
▒▒...▒▒....▒▒ ▒.....†▒
▒▒.▒▒......▒▒▒......▒
▒▒▒..▒..▒..▒▒▒▒▒▒▒▒▒
▒...▒▒...▒ ▒...▒▒...▒
▒..▒..▒..▒ ▒▒......▒▒


You could see a hornet, an iguana and an orc.


Message History

You squeeze the hornet, but do no damage.
You feel very sick. The hornet barely misses you.
The iguana hisses menacingly.
The hornet completely misses you.
Unknown command.
You tentacle-slap the hornet but do no damage.
You squeeze the hornet!
The hornet is moderately wounded.
You constrict the hornet.
You feel sick. The hornet stings you!
* * * LOW HITPOINT WARNING * * *
You feel as though you will be slow longer.
You tentacle-slap the hornet but do no damage.
The hornet is moderately wounded.
You feel sick. The hornet stings you!
* * * LOW HITPOINT WARNING * * *
You are lethally poisoned!
You feel as though you will be slow longer.
The hornet stings you!
* * * LOW HITPOINT WARNING * * *
You suddenly lose the ability to move!
You lose your grip on the hornet.
* * * LOW HITPOINT WARNING * * *
You feel very sick.
The hornet stings you but does no damage.
The hornet stings you!
You die...

Action                   |  1- 3 |  4- 6 |  7- 9 || total
-------------------------+-------+-------+-------++-------
Melee: Unarmed           |    68 |   135 |    84 ||   287
       Constrict         |    17 |    32 |    13 ||    62
       Tentacles         |    14 |    27 |    19 ||    60
       Punch             |     2 |     3 |     4 ||     9
Invok: Curse Item        |       |     1 |     1 ||     2
 Stab: Sleeping          |    11 |    15 |     3 ||    29
       Distracted        |       |     1 |       ||     1
Armor: Skin              |     2 |    20 |    18 ||    40
Dodge: Dodged            |    39 |    70 |    52 ||   161

Levels and vault maps discovered:
D:1:      minmay_arrival_doors, layout_basic, hangedman_decor_clover_reticule
D:2:      layout_loops_ring, kennysheep_generic_room_10
D:3:      layout_basic, minitemple, serial_shops,
          nicolae_shop_overgrown_old_shop,
          hellmonk_ecumenical_altar_watching_god, patterned_corridor
D:4:      layout_basic
D:5:      layout_loops_ring, kennysheep_mini_moat, chequers_avenue, uniq_grinder
D:6:      minmay_polygon_palace, layout_rooms, lemuel_temple_firewalk_b

Notes
Turn   | Place    | Note
-------+----------+-------------------------------------------
     0 | D:1      | sanka the Octopode Monk began the quest for the Orb.
     0 | D:1      | Reached XP level 1. HP: 16/16 MP: 1/1
   360 | D:1      | Reached XP level 2. HP: 21/21 MP: 2/2
   516 | D:1      | Reached skill level 4 in Unarmed Combat
   519 | D:1      | Reached XP level 3. HP: 20/26 MP: 3/3
  1401 | D:2      | Reached XP level 4. HP: 31/31 MP: 4/4
  1895 | D:2      | Reached skill level 5 in Unarmed Combat
  2184 | D:3      | Noticed an eye of devastation
  2188 | D:3      | Noticed a floating eye
  2190 | D:3      | Found a faded altar of an unknown god.
  2191 | D:3      | Noticed a shining eye
  2191 | D:3      | Noticed an eye of devastation
  2279 | D:3      | Found Bicull's Antique Weapon Shop.
  2438 | D:3      | Found a broken altar of Ashenzari.
  2446 | D:3      | Found a glowing golden altar of the Shining One.
  2447 | D:3      | Found a sacrificial altar of Ru.
  2447 | D:3      | Found a hazy altar of Hepliaklqana.
  3324 | D:3      | Became a worshipper of Ashenzari the Shackled
  3324 | D:3      | Identified a potion of resistance
  3466 | D:4      | Reached XP level 5. HP: 31/36 MP: 5/5
  3554 | D:4      | Reached skill level 6 in Unarmed Combat
  4089 | D:5      | Entered Level 5 of the Dungeon
  4114 | D:5      | Noticed a kobold brigand
  4118 | D:5      | Reached XP level 6. HP: 42/42 MP: 6/6
  4280 | D:5      | Reached skill level 7 in Unarmed Combat
  4467 | D:5      | Noticed Grinder
  4476 | D:5      | Killed Grinder
  4477 | D:5      | Reached skill level 8 in Unarmed Combat
  4477 | D:5      | Reached XP level 7. HP: 41/46 MP: 5/7
  4596 | D:5      | Reached * piety under Ashenzari
  4769 | D:5      | Found a snail-covered altar of Cheibriados.
  4982 | D:6      | Reached skill level 9 in Unarmed Combat
  5018 | D:6      | Reached XP level 8. HP: 46/54 MP: 6/8
  5226 | D:6      | Reached skill level 10 in Unarmed Combat
  5573 | D:6      | Noticed a hornet
  5582 | D:6      | Paralysed by a hornet for 3 turns
  5589 | D:6      | HP: 4/55 [hornet (7)]
  5589 | D:6      | Paralysed by a hornet for 2 turns
  5590 | D:6      | HP: 1/55 [poisoned by a hornet]
  5590 | D:6      | Mangled by a hornet

Vanquished Creatures
  Grinder (D:5)
  2 water moccasins (D:6)
  A sky beast (D:6)
  A hornet zombie (D:6)
  An ice beast (D:6)
  A phantom (D:6)
  A kobold brigand (D:5)
  A bullfrog (D:6)
  A scorpion (D:5)
  3 hounds
  A jelly (D:4)
  4 iguanas
  A centaur skeleton (D:5)
  A hound skeleton (D:5)
  6 adders
  2 white imps (D:6)
  An ufetubus (D:6)
  5 dart slugs
  6 orcs
  5 bats
  10 endoplasms
  A giant cockroach (D:1)
  9 goblins
  6 hobgoblins
  10 jackals
  11 kobolds
  3 quokkas
  5 ball pythons
  A frilled lizard (D:3)
  9 rats
110 creatures vanquished.
